Map: Frozen Temple

Players

Miszu - Winner!

  • Race: Protoss Protoss
  • League: Master

KalVasFlam

  • Race: Terran Terran
  • League: Master

VOD

Have the link to the VOD?

Description

Time

  • Played on: April 3, 2016, 5:23 p.m.
  • Length: 9:56
Show
View Real Time Build Order
Export as new Build Order

Miszu Protoss - Winner!

Build Orders: 1 Gate Expand 

Get SALT Encoding   

  12  0:01  Probe (Chrono Boost)  
  13  0:12  Probe (Chrono Boost)  
  14  0:19  Pylon  
  14  0:23  Probe (Chrono Boost)  
  15  0:37  Probe (Chrono Boost)  
  16  0:44  Gateway  
  16  0:48  Probe (Chrono Boost)  
  17  0:59  Probe (Chrono Boost)  
  18  1:11  Nexus  
  18  1:14  Probe (Chrono Boost)  
  19  1:20  Assimilator  
  19  1:26  Probe (Chrono Boost)  
  19  1:32  Cybernetics Core  
  20  1:40  Probe (Chrono Boost)  
  20  1:44  Pylon  
  21  1:51  Probe (Chrono Boost)  
  22  1:55  Assimilator  
  23  2:11  Adept (Chrono Boost)  
  23  2:12  Probe  
  25  2:15  Warp Gate  
  25  2:22  Probe  
  25  2:24  Probe  
  27  2:32  Probe  
  27  2:36  Probe  
  28  2:43  Probe  
  28  2:48  Probe  
  28  2:49  Adept (Chrono Boost)  
  31  2:54  Probe  
  32  3:00  Mothership Core  
  32  3:04  Probe  
  34  3:08  Robotics Facility  
  35  3:14  Pylon  
  35  3:15  Probe  
  36  3:21  Probe  
  36  3:25  Probe  
  38  3:33  Probe  
  39  3:36  Probe  
  40  3:46  Probe x2  
  40  3:53  Gateway  
  41  3:55  Gateway, Observer (Chrono Boost)  
  41  3:57  Probe  
  41  3:58  Probe  
  43  4:07  Probe  
  44  4:10  Probe  
  44  4:15  Observer (Chrono Boost)  
  46  4:18  Probe  
  46  4:22  Probe  
  48  4:28  Probe  
  49  4:34  Observer (Chrono Boost)  
  49  4:35  Nexus  
  49  4:37  Assimilator, Pylon, Probe  
  51  4:39  Assimilator, Probe  
  51  4:40  Twilight Council  
  51  4:43  Pylon  
  52  4:51  Pylon, Probe  
  53  4:56  Immortal (Chrono Boost)  
  53  4:58  Stalker x2  
  53  4:59  Probe  
  61  5:06  Adept  
  64  5:07  Probe  
  65  5:16  Pylon  
  65  5:22  Gateway, Sentry  
  65  5:23  Adept  
  65  5:24  Gateway  
  65  5:25  Gateway  
  69  5:31  Immortal (Chrono Boost)  
  69  5:35  Adept  
  75  5:40  Probe  
  75  5:42  Probe  
  77  5:48  Adept x2  
  80  5:53  Resonating Glaives (Chrono Boost)  
  80  5:54  Probe  
  81  5:57  Forge  
  81  5:58  Probe  
  81  6:00  Probe  
  81  6:01  Forge  
  83  6:04  Adept  
  85  6:14  Adept x2  
  85  6:17  Probe x2  
  85  6:18  Probe  
  91  6:20  Protoss Ground Armor Level 1  
  91  6:21  Protoss Ground Weapons Level 1  
  91  6:23  Pylon  
  92  6:27  Adept x3  
  92  6:30  Probe  
  99  6:36  Probe x2  
  89  6:50  Adept x3  
  89  6:55  Probe x2  
  89  6:57  Immortal  
  95  7:06  Gateway  
  95  7:07  Gateway  
  95  7:12  Gateway  
  95  7:13  Adept x2  
  95  7:14  Stalker x2  
  103  7:26  Assimilator  
  103  7:28  Blink (Chrono Boost), Assimilator  
  103  7:33  Stalker x2  
  107  7:45  Pylon  
  107  7:50  Pylon  
  107  7:52  Adept  
  107  7:54  Templar Archives  
  109  8:03  Immortal  
  113  8:07  Stalker x2  
  113  8:12  Nexus  
  117  8:16  Photon Cannon  
  117  8:18  Probe x2  
  111  8:25  Adept x3  
  115  8:32  Pylon  
  113  8:34  Pylon  
  113  8:37  Pylon  
  94  8:52  Probe  
  91  8:57  Adept x3  
  91  8:58  Adept x2  
  85  9:38  Probe  
Show
View Real Time Build Order
Export as new Build Order

KalVasFlam Terran 

Build Orders: Reaper Expand, MMM Bio 

Get SALT Encoding   

  12  0:00  SCV  
  13  0:13  SCV  
  14  0:17  Supply Depot  
  14  0:25  SCV  
  15  0:39  SCV  
  15  0:42  Barracks  
  16  0:45  Refinery  
  16  0:51  SCV  
  17  1:03  SCV  
  18  1:15  SCV  
  19  1:29  Orbital Command  
  19  1:30  Reaper  
  20  1:44  Command Center  
  20  1:53  Supply Depot  
  20  1:55  SCV  
  21  2:03  Barracks Reactor  
  21  2:11  Barracks  
  21  2:13  SCV  
  22  2:19  Barracks  
  22  2:25  SCV  
  23  2:47  Marine x2  
  23  2:49  SCV  
  26  2:54  Refinery  
  26  2:57  Orbital Command  
  25  2:59  Barracks Tech Lab  
  25  3:03  SCV  
  26  3:05  Marine  
  26  3:06  Marine  
  26  3:08  Marine  
  29  3:16  SCV  
  29  3:18  Marine  
  31  3:20  Supply Depot  
  31  3:23  Marine x2  
  31  3:25  SCV  
  31  3:26  Marine  
  34  3:35  SCV  
  34  3:36  Marine  
  34  3:37  SCV  
  34  3:38  Stimpack  
  37  3:41  Marine x2  
  37  3:44  Marine  
  37  3:48  Factory, SCV  
  41  3:49  SCV  
  42  3:57  Engineering Bay, Marine  
  42  3:59  Marine  
  42  4:00  Marine, SCV  
  46  4:08  Marine  
  47  4:12  SCV  
  47  4:13  SCV  
  47  4:14  Marine  
  47  4:16  Supply Depot  
  50  4:17  Marine  
  50  4:18  Marine  
  52  4:24  Terran Infantry Weapons Level 1, SCV  
  52  4:28  Marine  
  54  4:33  Starport  
  54  4:35  Factory Reactor  
  54  4:37  Marine x2  
  56  4:41  Supply Depot  
  56  4:44  SCV x2  
  58  4:47  Marine x2  
  60  4:53  Missile Turret  
  60  4:56  SCV  
  61  5:03  SCV  
  61  5:05  Marine x3  
  65  5:08  SCV  
  66  5:16  SCV  
  66  5:20  SCV  
  68  5:21  Marine  
  68  5:22  Marine  
  68  5:25  Supply Depot  
  70  5:36  Supply Depot  
  70  5:38  Combat Shields  
  70  5:46  Marine, Medivac x2, SCV  
  76  5:50  Marine x2  
  78  5:57  Supply Depot, Command Center  
  78  5:58  Marine  
  79  6:05  Marauder  
  79  6:07  Factory Reactor  
  79  6:08  SCV  
  79  6:09  Barracks  
  79  6:10  Barracks  
  82  6:11  Refinery  
  82  6:14  Marine x2  
  84  6:19  Supply Depot  
  84  6:22  SCV  
  84  6:24  SCV  
  86  6:27  Supply Depot, Terran Infantry Armor Level 1  
  86  6:32  Marine x4  
  90  6:43  Liberator  
  71  6:55  Widow Mine x2  
  71  6:56  Barracks Tech Lab  
  71  6:57  Barracks Reactor  
  71  6:58  Barracks Reactor  
  78  7:08  Marine x2, Marauder  
  82  7:11  Refinery, Orbital Command  
  82  7:12  Supply Depot  
  82  7:15  Supply Depot  
  82  7:16  Armory  
  82  7:18  Marauder  
  82  7:22  Concussive Shells  
  84  7:25  Marine  
  85  7:37  Orbital Command  
  85  7:43  Marine x4, Marauder x2  
  85  7:44  Marine x2, Widow Mine x2  
  99  7:59  Supply Depot  
  99  8:02  Marine x3  
  99  8:03  Engineering Bay  
  99  8:04  Supply Depot  
  99  8:05  Marauder x2  
  103  8:16  Marine  
  103  8:17  Marine  
  105  8:26  Marauder x2  
  91  8:36  Marine x4  
  91  8:37  Marine x2, Widow Mine x2  
  103  8:47  Marauder x2  
  90  8:54  Marine  
  81  8:58  Marine  
  80  9:06  Marine x2  
  80  9:07  Marine  
  68  9:29  Marine x3  
  68  9:30  Marine  
Tags
 
Add a new tag
Caveats
  • Supply blocks, unpowered buildings, or Contaminate may cause inaccurate times.
  • Supply counts are checked every 10 seconds.